 Dungeon Crawl Stone Soup version 0.30-a0-476-g330ca2eb8e (webtiles) character file.

Game seed: 8716245269433775896

11664919 AigisTheKnight the Englaciator (level 27, 199/199 HPs)
             Began as a Gargoyle Earth Elementalist on Dec 12, 2022.
             Was the Champion of the Shining One.
             Escaped with the Orb
             ... and 15 runes on Dec 21, 2022!
             The game lasted 09:53:57 (139999 turns).

AigisTheKnight the Englaciator (GrEE)             Turns: 139999, Time: 09:53:57

Health: 199/199    AC: 45    Str: 26    XL:     27
Magic:  55/55      EV: 28    Int: 36    God:    the Shining One [******]
Gold:   14087      SH: 13    Dex: 18    Spells: 10/64 levels left

rFire   + + .      SeeInvis +    s - +9 eudemon blade (holy)
rCold   + + +      Faith    .    U - +3 warlock's mirror {reflect}
rNeg    + + +      Spirit   .    X - +4 skin of Zhor {*Englaciate rC+++ SInv}
rPois   ∞          Reflect  +    E - +2 helmet {Int+3}
rElec   +          Harm     .    O - +2 cloak {Stlth+}
rCorr   +          Rampage  .    Y - +0 pair of gloves of Kidwerer {rPois MP+9 Dex+4}
Will    +++++                    C - +2 pair of boots
Stlth   +.........               G - macabre finger necklace {rN+}
HPRegen 0.53/turn                n - ring "Uzoe" {rF+ EV+4 Str+8}
MPRegen 0.34/turn                F - ring "Dorumaz" {rF+ Will+ rCorr Str+3 Dex+2}
                                 g - ring "Piesten" {Will+ Int+6 Dex+2 Stlth+}

@: flying, glowing, studying 2 skills
A: sickness immunity, AC +20, big wings, negative energy resistance 1,
electricity resistance, torment resistance 1, petrification resistance,
iridescent scales 1, cold resistance 1, strong-willed 1, inability to drink
after injury 1, noise suppression
0: Orb of Zot
}: 15/15 runes: serpentine, barnacled, slimy, silver, golden, iron, obsidian,
icy, bone, abyssal, demonic, glowing, magical, fiery, dark
a: Renounce Religion, Divine Shield, Cleansing Flame, Summon Divine Warrior


You escaped.
You worshipped the Shining One.
The Shining One was exalted by your worship.
You visited 18 branches of the dungeon, and saw 86 of its levels.
You visited Pandemonium 1 time, and saw 11 of its levels.
You visited the Abyss 3 times.
You also visited: Ice Cave, Volcano, Wizlab and Desolation.

You collected 17167 gold pieces.
You spent 3080 gold pieces at shops.

Inventory:

Hand Weapons
 s - a +9 eudemon blade of holy wrath (weapon)
 K - the +12 long sword "Ekuh" {freeze, Fly rF+ rC+}
   (You found it on level 7 of the Dungeon)

   It freezes those it strikes, dealing additional cold damage.
   It can also slow down cold-blooded creatures.
   rF:        It protects you from fire.
   rC:        It protects you from cold.
   Fly:       It grants you flight.
Armour
 h - the +13 crystal plate armour "Laloetuo" {rC++}
   (You found it on level 7 of Gehenna)

   rC:        It greatly protects you from cold.
 C - a +2 pair of boots (worn)
 E - a +2 helmet of intelligence (worn)
 O - a +2 cloak of stealth (worn)
 U - the +3 warlock's mirror (worn) {reflect}
   (You found it in the Desolation of Salt)

   It can block and reflect piercing ranged attacks and magical attacks against
   the wielder's willpower.
 X - the +4 skin of Zhor (worn) {*Englaciate rC+++ SInv}
   (You found it in an ice cave)

   It radiates cold, occasionally slowing all nearby creatures who are not
   resistant to cold.
   rC:        It renders you almost immune to cold.
   SInv:      It lets you see invisible.
 Y - the +0 pair of gloves of Kidwerer (worn) {rPois MP+9 Dex+4}
   (You found it in the Desolation of Salt)

   Dex:       It affects your dexterity (+4).
   rPois:     It protects you from poison.
   MP:        It affects your magic capacity (+9).
Magical Staves
 H - a staff of cold
Jewellery
 a - the ring of Miracles {rF+ rC++ Dex+7 Stlth-}
   (You found it on level 3 of the Tomb of the Ancients)

   [ring of protection from fire]

   Dex:       It affects your dexterity (+7).
   rF:        It protects you from fire.
   rC:        It greatly protects you from cold.
   Stlth:     It makes you less stealthy.
 e - an amulet of magic regeneration
 g - the ring "Piesten" (on amulet) {Will+ Int+6 Dex+2 Stlth+}
   (You found it on level 5 of the Pits of Slime)

   [ring of intelligence]

   Int:       It affects your intelligence (+6).
   Dex:       It affects your dexterity (+2).
   Will:      It increases your willpower.
   Stlth:     It makes you more stealthy.
 n - the ring "Uzoe" (left hand) {rF+ EV+4 Str+8}
   (You took it off a servant of whispers in the Desolation of Salt)

   [ring of evasion]

   EV:        It affects your evasion (+4).
   Str:       It affects your strength (+8).
   rF:        It protects you from fire.
 F - the ring "Dorumaz" (right hand) {rF+ Will+ rCorr Str+3 Dex+2}
   (You took it off a deep elf elementalist on level 3 of the Elven Halls)

   [ring of willpower]

   Str:       It affects your strength (+3).
   Dex:       It affects your dexterity (+2).
   rF:        It protects you from fire.
   rCorr:     It protects you from acid and corrosion.
   Will:      It increases your willpower.
 G - the macabre finger necklace (around neck) {rN+}
   (You took it off a merfolk on level 4 of the Shoals)

   [amulet of nothing]

   It enables you to equip an extra ring.
   rN:        It protects you from negative energy.
 M - the amulet "Rituan" {rF+ rC+ Regen+}
   (You found it on level 3 of the Tomb of the Ancients)

   [amulet of regeneration]

   rF:        It protects you from fire.
   rC:        It protects you from cold.
   Regen:     It increases your rate of health regeneration.
 S - the ring "Uqoatot" {Int+6 Dex+7 Slay+2}
   (You found it in Pandemonium)

   [ring of intelligence]

   Int:       It affects your intelligence (+6).
   Dex:       It affects your dexterity (+7).
   Slay:      It affects your accuracy & damage with ranged weapons and melee
   (+2).
 T - a ring of protection from cold
Wands
 v - a wand of mindburst (7)
 A - a wand of iceblast (48)
 B - a wand of acid (4)
 R - a wand of digging (14)
Scrolls
 d - 3 scrolls of blinking
 i - 3 scrolls of silence
 k - 8 scrolls of enchant armour
 m - 11 scrolls of fear
 r - 11 scrolls of poison
 w - 13 scrolls of fog
 x - a scroll of immolation
 y - a scroll of summoning
 z - 2 scrolls of amnesia
 J - 12 scrolls of magic mapping
 P - 10 scrolls of brand weapon
 W - 22 scrolls of teleportation
Potions
 b - 2 potions of magic
 c - 3 potions of curing
 f - 4 potions of cancellation
 l - 6 potions of resistance
 o - 2 potions of heal wounds
 p - 21 potions of mutation
 u - 15 potions of lignification
 D - 6 potions of berserk rage
 L - 7 potions of might
 V - 2 potions of ambrosia
Miscellaneous
 q - a lightning rod (4/4)
 t - a phial of floods
 Q - a phantom mirror
 Z - a figurine of a ziggurat


   Skills:
 O Level 27 Fighting
 + Level 23.4 Long Blades
 + Level 25.8 Armour
 + Level 17.8 Dodging
 - Level 4.7 Stealth
 - Level 19.9 Shields
 - Level 19.0 Spellcasting
 + Level 25.1 Conjurations
 - Level 3.2 Translocations
 - Level 2.7 Transmutations
 O Level 27 Ice Magic
 - Level 3.5 Air Magic
 + Level 26.7 Earth Magic
 - Level 16.8 Invocations


You had 10 spell levels left.
You knew the following spells:

 Your Spells              Type           Power      Damage    Failure   Level
a - Iskenderun's Mystic   Conj/Tloc      94%        2d18      1%          4
b - Stone Arrow           Conj/Erth      100%       3d13      0%          3
c - Passwall              Tmut/Erth      80%        N/A       0%          2
d - Swiftness             Air            56%        N/A       1%          3
e - Wereblood             Tmut           52%        N/A       1%          2
f - Freezing Cloud        Conj/Ice/Air   53%        6-21      0%          5
g - Iron Shot             Conj/Erth      60%        9d11      0%          6
h - Ozocubu's Refrigerat  Ice            61%        4d21      0%          7
i - Ozocubu's Armour      Ice            100%       N/A       0%          3
j - Polar Vortex          Ice            61%        N/A       1%          9
k - Lehudib's Crystal Sp  Conj/Erth      60%        10d14     1%          8
l - Blink                 Tloc           100%       N/A       1%          2

Your spell library contained the following spells:

 Spells                   Type           Power      Damage    Failure   Level
 Foxfire                  Conj/Fire      100%       2x1d9     0%          1
 Freeze                   Ice            100%       1d10      0%          1
 Kiss of Death            Conj/Necr      100%       2d13      0%          1
 Magic Dart               Conj           100%       1d8       0%          1
 Sandblast                Erth           100%       2d20      0%          1
 Shock                    Conj/Air       100%       1d9       0%          1
 Ensorcelled Hibernation  Hex/Ice        100%       N/A       0%          2
 Momentum Strike          Conj/Tloc      100%       3d10      0%          2
 Searing Ray              Conj           100%       2d8       0%          2
 Static Discharge         Conj/Air       100%       2-7/arc   0%          2
 Frozen Ramparts          Ice            100%       1d16      0%          3
 Hailstorm                Conj/Ice       100%       3d20      0%          3
 Iskenderun's Battlesphe  Conj           100%       2d15      0%          5
 Lee's Rapid Deconstruct  Erth           61%        3d28*     0%          5
 Beastly Appendage        Tmut           100%       N/A       1%          1
 Necrotise                Necr           100%       1d9       1%          1
 Sting                    Tmut/Pois      100%       1d8       1%          1
 Summon Small Mammal      Summ           100%       N/A       1%          1
 Poisonous Vapours        Pois/Air       94%        N/A       1%          2
 Scorch                   Fire           68%        2d8       1%          2
 Dazzling Flash           Conj/Hex       100%       N/A       1%          3
 Gell's Gravitas          Tloc           55%        N/A       1%          3
 Ignite Poison            Fire/Tmut/Pois 40%        N/A       1%          3
 Kindle Blastsparks       Fire/Tloc/Air  100%       2d18      1%          3
 Lesser Beckoning         Tloc           100%       N/A       1%          3
 Mephitic Cloud           Conj/Pois/Air  80%        N/A       1%          3
 Portal Projectile        Hex/Tloc       90%        N/A       1%          3
 Spider Form              Tmut/Pois      44%        N/A       1%          3
 Teleport Other           Tloc           55%        N/A       1%          3
 Vhi's Electric Charge    Tloc/Air       100%       N/A       1%          3
 Animate Armour           Summ/Erth      100%       N/A       1%          4
 Flame Wave               Conj/Fire      90%        2d19      1%          4
 Fulminant Prism          Conj/Hex       45%        3d21      1%          4
 Leda's Liquefaction      Hex/Erth       46%        N/A       1%          4
 Petrify                  Tmut/Erth      96%        N/A       1%          4
 Sticky Flame             Conj/Fire      90%        2d10      1%          4
 Summon Ice Beast         Ice/Summ       92%        N/A       1%          4
 Arcjolt                  Conj/Air       47%        1d57      1%          5
 Borgnjor's Vile Clutch   Necr/Erth      46%        N/A       1%          5
 Fireball                 Conj/Fire      45%        3d18      1%          5
 Irradiate                Conj/Tmut      47%        3d27      1%          5
 Lightning Bolt           Conj/Air       47%        1d68      1%          5
 Conjure Ball Lightning   Conj/Air       47%        3x3d16    1%          6
 Simulacrum               Ice/Necr       46%        N/A       1%          6
 Starburst                Conj/Fire      45%        6d13      1%          6
 Orb of Destruction       Conj           60%        9d15      1%          7
 Airstrike                Air            28%        2d(4-20)  2%          4
 Manifold Assault         Tloc           55%        N/A       2%          4
 Call Canine Familiar     Summ           34%        N/A       3%          3
 Confusing Touch          Hex            34%        N/A       3%          3
 Inner Flame              Hex/Fire       34%        N/A       3%          3
 Summon Guardian Golem    Hex/Summ       34%        N/A       3%          3
 Tukima's Dance           Hex            34%        N/A       3%          3
 Vampiric Draining        Necr           34%        2d8       3%          3
 Summon Lightning Spire   Summ/Air       47%        N/A       4%          4
 Spellforged Servitor     Conj/Summ      45%        N/A       4%          7
 Blade Hands              Tmut           26%        N/A       9%          5
 Anguish                  Hex/Necr       17%        N/A       10%         4
 Cause Fear               Hex            17%        N/A       10%         4
 Dispel Undead            Necr           34%        3d15      10%         4
 Olgreb's Toxic Radiance  Pois           34%        N/A       10%         4
 Silence                  Hex/Air        23%        N/A       13%         5
 Summon Forest            Summ/Tloc      22%        N/A       14%         5
 Alistair's Intoxication  Tmut/Pois      29%        N/A       16%         5
 Yara's Violent Unravell  Hex/Tmut       22%        3d10      16%         5
 Agony                    Necr           34%        N/A       26%         5
 Summon Mana Viper        Hex/Summ       34%        N/A       26%         5
 Dispersal                Tloc           27%        N/A       36%         6
 Eringya's Noxious Bog    Tmut/Pois      22%        N/A       65%         6
 Summon Cactus Giant      Summ           17%        N/A       83%         6
 Dragon Form              Tmut           26%        N/A       95%         7
 Chain Lightning          Conj/Air       47%        3d63      95%         9
 Enfeeble                 Hex            17%        N/A       100%        7
 Monstrous Menagerie      Summ           17%        N/A       100%        7
 Summon Hydra             Summ           17%        N/A       100%        7
 Discord                  Hex            17%        N/A       100%        8
 Disjunction              Tloc           27%        N/A       100%        8
 Ignition                 Fire           17%        3d7       100%        8
 Maxwell's Capacitive Co  Air            28%        ∞         100%        8
 Death's Door             Necr           17%        N/A       100%        9
 Dragon's Call            Summ           17%        N/A       100%        9
 Cigotuvi's Dreadful Rot  Necr/Pois/Air  Unusable   N/A       N/A         2
 Sublimation of Blood     Necr           Unusable   N/A       N/A         2
 Statue Form              Tmut/Erth      Unusable   N/A       N/A         6

Dungeon Overview and Level Annotations

Branches:
Dungeon (15/15)            Temple (1/1) D:6            Lair (5/5) D:8
 Shoals (4/4) Lair:3        Snake (4/4) Lair:2        Slime (5/5) Lair:4
    Orc (2/2) D:10            Elf (3/3) Orc:2        Vaults (5/5) D:14
  Crypt (3/3) Vaults:3       Tomb (3/3) Crypt:3      Depths (4/4) D:15
   Hell (visited)             Dis (7/7) Hell            Geh (7/7) Hell
    Coc (7/7) Hell            Tar (7/7) Hell            Zot (5/5) Depths:4
  IceCv (visited)         Volcano (visited)          WizLab (visited)
Desolation (visited)

Altars:
Ashenzari
Cheibriados
Dithmenos
Elyvilon
Fedhas
Gozag
Hepliaklqana
Kikubaaqudgha
Makhleb
Nemelex Xobeh
Okawaru
Qazlal
Ru
Sif Muna
Trog
Uskayaw
Vehumet
Wu Jian
Xom
Yredelemnul
Zin
The Shining One
Jiyva

Shops:
D:4 *   Orc:1 (   Orc:2 [[*=*   Elf:1 ?   Snake:1 [*   Snake:3 **   Snake:4 (
Vaults:3 *!   Vaults:4 (   Depths:1 :   Depths:4 =:=

Portals:
Hell: Depths:1 Depths:2 Depths:3 Depths:4
Abyss: Depths:3
Pandemonium: Depths:2
Ziggurat: Depths:3
Trove: D:14 (give 14 scrolls of teleportation)

Annotations:
D:2 1 runed translucent door, Crazy Yiuf
Zot:2 Tiamat


Innate Abilities, Weirdness & Mutations

You are immune to sickness and miasma.
Your stone body is resilient. (AC +20)
You are immune to poison.
Your large and strong wings let you fly.
You resist negative energy. (rN+)
You are resistant to electric shocks. (rElec)
You are resistant to unholy torment.
You are immune to petrification.
You are partially covered in iridescent scales. (AC +2)
Your flesh is cold resistant. (rC+)
You are strong-willed. (Will+)
You occasionally lose the ability to drink potions when taking damage.
You passively dampen the noise of your surroundings.


Message History

You see here a +0 flail.
You feel a little less clever now.
You see here a +3 shortbow.
There is a stone staircase leading up here.
You fly upwards.
There is a stone staircase leading down here.
An Orb Guardian comes into view.
There is a white marble altar of Elyvilon here.
You hit the Orb Guardian.
The Orb Guardian is lightly wounded.
You block the Orb Guardian's attack.
You slash the Orb Guardian!
The Orb Guardian is moderately wounded.
You slash the Orb Guardian!
The Orb Guardian is heavily wounded.
The Orb Guardian hits you but does no damage.
You slice the Orb Guardian!!
The Orb Guardian is almost dead.
The Orb Guardian hits you!
You slice the Orb Guardian!!
You kill the Orb Guardian!
No target in view!
There is a white marble altar of Elyvilon here.
There is a stone staircase leading up here.
You fly upwards.
There is a stone staircase leading down here.
HP restored.
There is a stone staircase leading up here.
You fly upwards.
Level annotation: 1 runed translucent door, Crazy Yiuf
There is a stone staircase leading down here.
There is a stone staircase leading up here.
You fly upwards.
There is a stone staircase leading down here.
There is an open door here.
There is an open door here.
You see here a +0 robe.
There is a staircase leading out of the dungeon here.
You can't go down here!
You have escaped!

..............## #.#..#.#.#
........#......### #.#.##.#..
######..#..###...## ####.#.##.#..
# #..#...###8'8###....#..#.#.#
######..#..##≈~~[~~≈##...#......#
..........##≈~~.P.~~~##..#..#.###
.........##≈~P..8..P~≈##.........
.........#≈≈~.......~~≈##########
.........#≈P.8..@..8.P~##........
.........#≈~~.......~≈≈##.#######
.........##~≈P..8..P~≈###.#
..........##~~≈.P.~~≈##.#.#
...........##≈≈~.~≈≈##..#.#
............###8+8###.....#
######...........## #####.#
#...######### ### #####


There were no monsters in sight!

Vanquished Creatures
  Cerebov (Pan)
  Asmodeus (Geh:7)
  the Royal Jelly (Slime:5)
  Gloorx Vloq (Pan)
  Lom Lobon (Pan)
  A seraph (Pan)
  Ereshkigal (Tar:7)
  Mnoleg (Pan)
  8 dread liches
  Dispater (Dis:7)
  3 orbs of fire (Zot:5)
  Khufu (Crypt:3)
  4 ancient liches
  Mara (Depths:3)
  Mennas (Vaults:3)
  40 royal mummies
  Sojobo (Vaults:2)
  Boris (thrice) (Vaults:4 Vaults:5 Tomb:1)
  27 shard shrikes
  Head Instructor (WizLab)
  22 caustic shrikes
  Vashnia (Snake:4)
  Bai Suzhen (Shoals:3)
  Xtahua (Crypt:3)
  A curse toe (Zot:5)
  Geryon (Hell)
  Nikola (Shoals:3)
  13 golden dragons
  7 pandemonium lords
  Jory (Crypt:3)
  15 bone dragons
  A pearl dragon (Pan)
  14 Brimstone Fiends
  4 electric golems
  19 profane servitors
  10 doom hounds
  19 Tzitzimimeh
  A shard shrike zombie (Tomb:3)
  16 hellephants
  30 Hell Sentinels
  18 tentacled monstrosities
  6 liches
  8 iron giants
  24 Orb Guardians
  16 searing wretches
  Jorgrun (Snake:2)
  2 walking frostbound tomes
  Asterion (Vaults:3)
  20 tainted leviathans
  14 Ice Fiends
  6 quicksilver dragons
  2 deep elf master archers (Elf:3)
  14 titans
  27 ancient champions
  3 deep elf blademasters
  7 death cobs
  Frances (D:13)
  4 tentacled starspawn
  29 Executioners (Pan)
  Murray (Hell)
  16 acid blobs
  5 shadow dragons
  Kirke (D:13)
  10 sphinxes
  14 tengu reavers
  16 demonspawn warmongers (Pan)
  3 nagarajas (Snake:4)
  The ghost of Sopaerr the Warrior, a journeyman MiBe of Trog (Snake:3)
  Donald (Snake:3)
  Ilsuiw (Shoals:4)
  The ghost of Nitaif the Warrior, an adept GrFi of Ashenzari (Snake:1)
  13 frost giants
  6 draconian monks
  3 revenants
  16 storm dragons
  5 draconian knights
  9 azure jellies
  30 daevas (Pan)
  9 rockslimes
  The ghost of Eveboq the Devastator, an adept HuCj of Vehumet (Elf:2)
  Roxanne (Shoals:4)
  3 iron dragons
  19 fire giants
  5 quicksilver elementals
  10 deep elf sorcerers
  12 draconian scorchers
  34 balrugs
  Aizul (Snake:2)
  15 vault wardens
  10 narguns
  A caustic shrike zombie (Hell)
  An imperial myrmidon (Desolation)
  3 ghost moths
  2 juggernaut zombies
  5 spectral caustic shrikes
  Louise (D:15)
  20 cacodemons
  4 curse skulls
  5 shard shrike simulacra
  3 deep elf elementalists
  9 draconian shifters
  24 ironbound preservers
  5 spectral juggernauts
  5 demonspawn corrupters (Pan)
  49 angels
  3 spriggan defenders
  14 draconian stormcallers
  6 draconian annihilators
  24 stone giants
  13 ghouls
  11 quicksilver oozes
  An orc warlord (Vaults:3)
  23 reapers
  7 ironbound thunderhulks
  The ghost of indyram44 the Impaler, a journeyman MfGl of Okawaru (Lair:4)
  A juggernaut skeleton (Tomb:3)
  17 very ugly things
  5 demonspawn blood saints (Pan)
  2 caustic shrike skeletons
  21 elemental wellsprings
  21 ophanim (Pan)
  6 war gargoyles
  10 black draconians
  6 vampire knights
  Azrael (D:13)
  5 deep elf demonologists
  47 apis (Pan)
  10 green draconians
  8 yellow draconians
  5 dire elephants
  13 red draconians
  12 bennus
  The ghost of Wowumid the Impaler, a journeyman MfBe of Trog (D:12)
  12 deep elf annihilators
  6 demonspawn black suns (Pan)
  13 lorocyprocas
  A spectral titan (Tar:3)
  12 white draconians
  21 putrid mouths
  2 halazid warlocks (Desolation)
  7 purple draconians
  11 iron golems
  4 spark wasps
  18 wendigos
  6 deep elf death magi
  16 ettins
  2 spectral quicksilver dragons
  14 blizzard demons
  9 crystal guardians
  10 merfolk javelineers
  10 eidola
  17 green deaths
  8 ragged hierophants (Desolation)
  8 merfolk impalers
  26 mummy priests
  2 spectral golden dragons
  16 jiangshi
  4 entropy weavers
  8 fire dragons
  A spectral iron giant (Tar:2)
  Josephine (D:10)
  12 yaktaur captains
  3 deep elf high priests
  38 vault guards
  A hell beast (Pan)
  Fannar (D:12)
  13 great orbs of eyes
  3 ice dragons
  7 juggernaut simulacra
  10 peacekeepers
  7 spectral spriggans
  4 servants of whispers (Desolation)
  A hydra (shapeshifter) (Vaults:5)
  9 caustic shrike simulacra
  11 spriggan air magi
  5 spriggan zombies
  13 anacondas
  12 salamander tyrants
  7 hydras
  4 merfolk avatars
  4 stokers
  8 rakshasas
  An ogre mage (D:15)
  A merfolk aquamancer (Shoals:2)
  5 death knights
  5 alligator snapping turtles
  9 ironbound frosthearts
  7 boulder beetles
  16 centaur warriors
  17 naga warriors
  28 dancing weapons
  5 satyrs
  6 spriggan skeletons
  8 deep troll earth magi
  2 catoblepae
  6 deep troll shamans
  A satyr (shapeshifter) (Depths:4)
  4 orc high priests (Orc:2)
  5 two-headed ogres
  81 death scarabs
  17 death yaks
  2 titan zombies
  19 hell hogs
  2 thrashing horrors
  22 naga sharpshooters
  8 spriggan berserkers
  A vampire mage (Crypt:1)
  A spectral storm dragon (Tar:2)
  20 hell knights
  3 spectral nagas (Tar:1)
  2 tengu warriors
  2 spectral dire elephants
  Sonja (D:13)
  58 sun demons
  2 titan skeletons (Pan)
  6 shock serpents
  46 soul eaters
  10 spriggans
  Nergalle (D:12)
  A fire crab (shapeshifter) (D:14)
  11 crystal echidnas
  A storm dragon zombie (Hell)
  10 deep elf knights
  A fire crab (Lair:4)
  47 skeletal warriors
  7 wretched stars
  A spatial maelstrom (Abyss:2)
  8 iron trolls
  A storm dragon skeleton (Vaults:4)
  A golden dragon zombie (Depths:3)
  20 sixfirhies
  A spectral anaconda (Tar:5)
  2 quicksilver dragon simulacra
  2 spectral iron dragons (Tar:1)
  A spark wasp zombie (Hell)
  2 spectral bunyips
  6 flayed ghosts
  47 large abominations
  7 salamander mystics
  17 sea snakes
  23 shadow wraiths
  3 orange crystal statues (Hell)
  An obsidian statue (D:14)
  58 deep trolls
  A steelbarb worm (shapeshifter) (Vaults:5)
  7 shadow demons (Pan)
  10 deep elf archers
  5 glowing orange brains
  7 naga ritualists
  A fenstrider witch simulacrum (Coc:2)
  20 wizards
  25 cherubim
  3 bog bodies
  40 harpies
  12 phantasmal warriors
  2 bunyip skeletons
  5 spriggan simulacra
  A jorogumo zombie (Crypt:1)
  5 orc knights
  21 ugly things
  21 deep elf pyromancers
  19 deep elf zephyrmancers
  25 ironbound convokers
  10 lindwurms
  14 necromancers
  A spectral merfolk (Tar:1)
  A fire giant zombie (Depths:3)
  A stone giant zombie (Hell)
  7 cyclopes
  3 orc sorcerers
  A wolf spider (shapeshifter) (Depths:2)
  2 tengu skeletons
  A draconian zombie (Crypt:1)
  3 spectral ettins
  2 iron dragon zombies
  A shadow dragon skeleton (Depths:3)
  2 worldbinders
  A faun (shapeshifter) (Depths:3)
  25 mana vipers
  A frost giant zombie (Hell)
  13 manticores
  2 sphinx skeletons (Depths:3)
  27 moths of wrath
  17 salamanders
  5 shining eyes
  2 spectral centaurs (Tar:1)
  A moth of wrath (shapeshifter) (Vaults:5)
  22 fauns
  A spectral alligator snapping turtle (Tar:2)
  5 toenail golems (Volcano)
  A dire elephant zombie (Tomb:3)
  4 rust devils
  3 water nymphs
  8 merfolk sirens
  18 naga magi
  12 elephants (Lair:5)
  34 black mambas
  2 stone giant skeletons
  A centaur zombie (Tomb:3)
  2 molten gargoyles (Desolation)
  7 guardian serpents
  15 vault sentinels
  2 ice statues
  77 smoke demons
  4 eyes of devastation
  9 cane toads
  2 gargoyles (D:12)
  6 titan simulacra
  2 dire elephant skeletons
  A centaur skeleton (Pan)
  21 hellions
  A torpor snail (shapeshifter) (Elf:2)
  3 human zombies
  An unseen horror zombie (Crypt:2)
  13 demonic crawlers
  A yellow draconian zombie (Crypt:1)
  Maggie (Lair:2)
  37 orange demons
  10 efreet
  9 unseen horrors
  2 kobold demonologists (D:12)
  2 rime drakes (Lair:1)
  15 freezing wraiths
  41 guardian mummies
  11 red devils
  5 tengu conjurers
  43 yaktaurs
  5 ancient zymes
  A bunyip simulacrum (Coc:2)
  8 komodo dragons
  5 anaconda simulacra
  3 harpy zombies
  7 trolls
  3 golden dragon simulacra
  3 iron giant simulacra
  31 hellwings
  35 tormentors
  4 ice devils
  5 spectral harpies
  A wind drake (shapeshifter) (Vaults:5)
  3 silent spectres
  12 polar bears
  5 meliai (Abyss:3)
  22 wind drakes
  12 hornets
  131 slime creatures
  A hydra skeleton (Pan)
  A queen bee (Abyss:3)
  A tengu simulacrum (Vaults:4)
  22 blink frogs
  26 merfolk
  44 saltlings (Desolation)
  A snapping turtle (shapeshifter) (Vaults:1)
  25 dream sheep
  15 raiju
  11 snapping turtles
  An ettin zombie (Hell)
  5 harpy skeletons
  3 stone giant simulacra
  A raiju (shapeshifter) (Elf:3)
  A spectral swamp dragon (Tar:1)
  7 starcursed masses (Abyss:3)
  81 flying skulls
  7 wyverns
  A culicivora (Vaults:3)
  A jumping spider (Vaults:3)
  4 ettin skeletons
  4 ushabtiu
  50 yaks
  2 vampires
  32 ynoxinuls
  10 water elementals
  2 hogs (D:13)
  A fire dragon skeleton (Crypt:1)
  11 wraiths
  8 shadows
  8 dire elephant simulacra
  5 fire elementals
  11 golden eyes
  A basilisk (shapeshifter) (Abyss:2)
  19 neqoxecs
  3 basilisks
  4 redbacks
  2 steam dragons
  2 alligator snapping turtle simulacra (Hell)
  31 chaos spawn
  14 vampire mosquitoes
  13 harpy simulacra
  A redback (shapeshifter) (Vaults:5)
  5 wargs
  An acid dragon (D:10)
  A swamp worm (shapeshifter) (Vaults:5)
  2 naga zombies
  An acid dragon (shapeshifter) (Vaults:5)
  51 nagas
  2 glowing shapeshifter zombies
  26 water moccasins
  A two-headed ogre skeleton (Crypt:2)
  A floating eye (shapeshifter) (Vaults:5)
  29 orc warriors
  A floating eye (Depths:2)
  A hell hound (D:13)
  4 black bears
  An ice beast (D:6)
  5 ettin simulacra
  A lindwurm zombie (Crypt:2)
  A fire dragon simulacrum (Crypt:1)
  An ice dragon simulacrum (Coc:1)
  6 boggarts
  13 ogres
  10 centaurs
  46 wolves
  A snapping turtle skeleton (Crypt:2)
  10 small abominations
  A rime drake skeleton (Crypt:1)
  A komodo dragon skeleton (Crypt:1)
  2 human skeletons
  9 necrophages
  A glowing shapeshifter simulacrum (Vaults:4)
  12 bullfrogs
  2 earth elementals
  A gnoll sergeant (D:5)
  2 naga simulacra
  5 scorpions
  13 wights
  9 killer bees
  2 howler monkeys
  2 electric eels
  2 crimson imps (Pan)
  2 hounds
  35 orc priests
  2 jellies (D:4)
  A quasit (Abyss:2)
  2 gnoll boudas
  2 iron imps
  3 iguanas
  Jessica (D:2)
  2 scorpion zombies (D:3)
  A basilisk skeleton (Crypt:1)
  27 orc wizards
  A deep dwarf zombie (Crypt:1)
  A hound zombie (D:3)
  46 mummies
  Robin (D:4)
  13 gnolls
  7 adders
  5 white imps
  An ufetubus (D:5)
  An adder skeleton (D:3)
  3 worms
  3 dart slugs
  83 orcs
  3 endoplasms
  A giant cockroach (D:2)
  16 goblins
  12 hobgoblins
  6 quokkas
  2 ball pythons (D:1)
  9 bats
  4 frilled lizards
  A hobgoblin zombie (Crypt:1)
  A jackal skeleton (Crypt:2)
  A jackal zombie (D:3)
  10 kobolds
  A quokka zombie (D:3)
  6 rats
  4 butterflies (Tar:1)
  2 creeping infernos (Geh:7)
  21 fire vortices
  A tentacle (Shoals:3)
4575 creatures vanquished.

Vanquished Creatures (collateral kills)
  Antaeus (Coc:7)
  A dread lich (Dis:3)
  A juggernaut (Dis:7)
  2 caustic shrikes (Dis:3)
  Saint Roka (Vaults:1)
  A pearl dragon (Pan)
  An iron giant (Dis:3)
  A searing wretch (Geh:7)
  A nargun (Coc:7)
  A fire giant (Geh:7)
  3 balrugs (Geh:7)
  An angel (Pan)
  2 elemental wellsprings (Coc:7)
  A wendigo (Coc:7)
  An iron golem (Dis:3)
  A wretched star (Abyss:2)
  A hellion (Dis:6)
  A wraith (D:10)
  A kobold brigand (D:6)
  An orc wizard (D:6)
  5 kobolds (D:6)
  A fire vortex (Geh:7)
30 creatures vanquished.

Vanquished Creatures (others)
  An orb of fire (Zot:5)
  A Tzitzimitl (Tar:3)
  An Executioner (Pan)
  A balrug (Zot:5)
  A demonspawn blood saint (Pan)
  2 shard shrike simulacra (Coc:7)
  A wendigo (Coc:7)
  A deep elf high priest (Vaults:5)
  2 caustic shrike simulacra (Coc:7)
  A vampire mage (Depths:3)
  A death yak (IceCv)
  A sun demon (Pan)
  A glowing orange brain (Pan)
  A quicksilver dragon simulacrum (Coc:7)
  A tengu zombie (Hell)
  A deep elf pyromancer (Elf:1)
  A spriggan simulacrum (Coc:7)
  A black mamba (Snake:4)
  An anaconda simulacrum (Coc:6)
  An iron giant simulacrum (Coc:7)
  A raiju (Abyss:3)
  An iron dragon simulacrum (Coc:7)
  A wraith (Crypt:3)
  A large abomination (Abyss:3)
  A dire elephant simulacrum (Coc:7)
  A water elemental (Shoals:3)
  A golden eye (Abyss:3)
  A harpy simulacrum (Coc:7)
  An orc warrior (Vaults:5)
  An ettin simulacrum (Coc:3)
  4 small abominations (Abyss:3)
  9 ball lightnings (Pan)
  A block of ice (Pan)
  A creeping inferno (Hell)
  52 fungi
  3 lurking horrors
  320 plants
  37 starspawn tentacles
  33 tentacles (Shoals:3)
  6 withered plants (D:3)
498 creatures vanquished.

Grand Total: 5103 creatures vanquished

Notes
Turn   | Place    | Note
-------+----------+-------------------------------------------
     0 | D:1      | AigisTheKnight the Gargoyle Earth Elementalist began the
                  | quest for the Orb.
     0 | D:1      | Reached XP level 1. HP: 10/10 MP: 3/3
   126 | D:1      | Reached XP level 2. HP: 10/16 MP: 1/5
   398 | D:1      | Reached skill level 1 in Fighting
   786 | D:1      | Reached XP level 3. HP: 20/20 MP: 6/6
  1087 | D:2      | Found a runed translucent door.
  1088 | D:2      | Noticed Crazy Yiuf
  1177 | D:2      | Reached XP level 4. HP: 26/26 MP: 7/7
  1280 | D:2      | Noticed Jessica
  1282 | D:2      | Killed Jessica
  1472 | D:3      | Reached XP level 5. HP: 20/30 MP: 2/9
  1596 | D:3      | Found a faded altar of an unknown god.
  2284 | D:4      | Found a white marble altar of Elyvilon.
  2285 | D:4      | Found an iron altar of Okawaru.
  2292 | D:3      | Reached skill level 5 in Earth Magic
  2372 | D:4      | Reached XP level 6. HP: 35/36 MP: 7/10
  2412 | D:4      | Reached skill level 1 in Armour
  2735 | D:4      | Found a sacrificial altar of Ru.
  2752 | D:4      | Noticed Robin
  2777 | D:4      | Killed Robin
  2908 | D:4      | Found Zoylum's Assorted Antiques.
  3329 | D:4      | Became a worshipper of Elyvilon the Healer
  3672 | D:5      | Entered Level 5 of the Dungeon
  3815 | D:5      | Reached XP level 7. HP: 41/41 MP: 9/12
  3848 | D:5      | Found the +6 shillelagh "Devastator" {shatter}
  4284 | D:5      | Found a shadowy altar of Dithmenos.
  4358 | D:5      | Identified the ring "Aczunesi" {Ice *Corrode Str+5}
  4372 | D:5      | Reached XP level 8. HP: 28/48 MP: 9/14
  4379 | D:5      | Reached * piety under Elyvilon
  4892 | D:5      | Learned a level 3 spell: Stone Arrow
  4897 | D:5      | Learned a level 2 spell: Passwall
  5092 | D:6      | Reached skill level 5 in Fighting
  5092 | D:6      | Reached skill level 1 in Shields
  5154 | D:6      | Reached skill level 5 in Spellcasting
  5157 | D:6      | Found a staircase to the Ecumenical Temple.
  5191 | Temple   | Entered the Ecumenical Temple
  5475 | D:6      | Reached XP level 9. HP: 50/54 MP: 16/16
  5611 | D:6      | Reached skill level 5 in Armour
  6084 | D:6      | Reached ** piety under Elyvilon
  6109 | D:6      | Found a glowing golden altar of the Shining One.
  6971 | D:7      | Reached skill level 1 in Air Magic
  7039 | D:7      | Identified the +12 long sword "Ekuh" {freeze, Fly rF+ rC+}
  7599 | D:8      | Reached *** piety under Elyvilon
  7665 | D:8      | Reached skill level 1 in Long Blades
  7665 | D:8      | Reached XP level 10. HP: 56/61 MP: 16/19
  7796 | D:8      | Learned a level 3 spell: Swiftness
  8260 | D:8      | Reached skill level 5 in Shields
  8295 | D:8      | Found a staircase to the Lair.
  8598 | D:9      | Reached **** piety under Elyvilon
  8804 | D:9      | Found a shimmering blue altar of Sif Muna.
  8810 | D:9      | Noticed a five-headed hydra
  9095 | D:9      | Killed a five-headed hydra
  9238 | D:10     | Entered Level 10 of the Dungeon
  9417 | D:10     | Reached XP level 11. HP: 63/68 MP: 14/20
  9677 | D:10     | Found a staircase to the Orcish Mines.
  9970 | D:10     | Noticed Josephine
 10397 | D:11     | Reached skill level 10 in Earth Magic
 10545 | D:11     | Reached ***** piety under Elyvilon
 10913 | D:11     | Found a bloodstained altar of Trog.
 11128 | D:11     | Noticed a cyclops
 11138 | D:11     | Killed a cyclops
 11540 | D:10     | Noticed a two-headed ogre
 11552 | D:10     | Killed a two-headed ogre
 11553 | D:10     | Reached skill level 1 in Transmutations
 11631 | D:10     | Found a snail-covered altar of Cheibriados.
 11633 | D:10     | Found an opulent altar of Gozag.
 12258 | D:10     | Killed Josephine
 12544 | Lair:1   | Entered Level 1 of the Lair of Beasts
 12637 | Lair:1   | Reached XP level 12. HP: 54/76 MP: 21/22
 12749 | Lair:1   | Reached skill level 5 in Long Blades
 12798 | Lair:1   | Found a frozen archway.
 12839 | IceCv    | Entered an ice cave
 13070 | IceCv    | Learned a level 2 spell: Wereblood
 13231 | IceCv    | Found the +8 arc blade {discharge, rElec}
 13383 | IceCv    | Reached skill level 1 in Conjurations
 13795 | IceCv    | Reached skill level 1 in Invocations
 14030 | IceCv    | Found the +4 skin of Zhor {*Englaciate rC+++ SInv}
 14057 | IceCv    | Noticed a death yak
 14057 | IceCv    | Noticed an ironbound frostheart
 14057 | IceCv    | Noticed an ironbound frostheart
 14057 | IceCv    | Noticed a death yak
 14057 | IceCv    | Noticed a death yak
 14081 | IceCv    | Killed a death yak
 14122 | IceCv    | Killed an ironbound frostheart
 14351 | IceCv    | Killed a death yak
 14526 | IceCv    | Killed a death yak
 14527 | IceCv    | Reached XP level 13. HP: 49/82 MP: 24/24
 15303 | Lair:1   | Reached skill level 10 in Fighting
 16221 | Lair:2   | Noticed Maggie
 16232 | Lair:2   | Killed Maggie
 16571 | Lair:2   | Found a staircase to the Snake Pit.
 17315 | Lair:3   | Reached ****** piety under Elyvilon
 17698 | Lair:2   | Reached skill level 5 in Conjurations
 18151 | Lair:3   | Reached skill level 5 in Invocations
 18260 | Lair:3   | Found a staircase to the Shoals.
 18378 | Lair:3   | Gained mutation: Your large and strong wings let you fly.
                  | [Gargoyle growth]
 18378 | Lair:3   | Reached XP level 14. HP: 88/88 MP: 10/26
 18507 | Lair:3   | Identified the amulet of the Muttering Gods {-Cast Fly
                  | Will+++ Regen+ Str-5}
 19264 | Lair:4   | Found a transporter.
 19265 | Lair:4   | Noticed indyram44's ghost (journeyman MfGl)
 19267 | Lair:4   | Found a transporter.
 19342 | Lair:4   | Found a viscous altar of Jiyva.
 19342 | Lair:4   | Found a staircase to the Slime Pits.
 19725 | Lair:5   | Entered Level 5 of the Lair of Beasts
 19819 | Lair:5   | Reached skill level 10 in Shields
 20081 | Lair:5   | Found a dark tunnel.
 20097 | Volcano  | Entered a volcano
 20270 | Abyss:2  | Cast into level 2 of the Abyss (a wizard)
 20387 | Abyss:2  | Noticed a cacodemon
 20745 | Abyss:2  | Noticed a starcursed mass
 20840 | Abyss:2  | Found a corrupted altar of Lugonu.
 20868 | Abyss:2  | Noticed a starcursed mass
 20906 | Abyss:2  | Noticed a tentacled monstrosity
 20918 | Abyss:2  | Killed a tentacled monstrosity
 20926 | Abyss:2  | Noticed a black draconian
 20926 | Abyss:2  | Noticed a shadow dragon
 21210 | Volcano  | Escaped the Abyss
 21217 | Volcano  | Reached XP level 15. HP: 43/96 MP: 4/28
 21537 | Volcano  | Identified the +1 pair of gloves "Juink" {rElec rCorr Dex-4
                  | Stlth-}
 22997 | Lair:5   | Reached skill level 10 in Spellcasting
 23124 | Lair:5   | Identified the +8 dagger of a sewer {freeze, Fragile Will+
                  | rCorr MP+9}
 23871 | Orc:1    | Entered Level 1 of the Orcish Mines
 24159 | Orc:1    | Found Naifa's Weapon Shop.
 24375 | Orc:2    | Entered Level 2 of the Orcish Mines
 24517 | Orc:2    | Found Kuxt's General Store.
 24529 | Orc:2    | Bought a scroll of enchant armour for 97 gold pieces
 24622 | Orc:2    | Reached skill level 1 in Ice Magic
 25287 | Orc:2    | Found a staircase to the Elven Halls.
 25415 | Orc:2    | Found Celut's Jewellery Shop.
 25415 | Orc:2    | Found Copsosto's Assorted Antiques.
 25416 | Orc:2    | Found Dett's Antique Armour Boutique.
 25420 | Orc:2    | Found Sewoyqem's Antique Armour Boutique.
 25440 | Orc:2    | Bought a scroll of identify for 70 gold pieces
 25448 | Orc:2    | Bought a ring of magical power for 260 gold pieces
 25580 | Orc:1    | You are sucked into a shaft and drop 1 floor!
 26010 | Snake:1  | Entered Level 1 of the Snake Pit
 26480 | Snake:1  | Reached XP level 16. HP: 67/103 MP: 30/30
 27694 | Snake:1  | Identified the +4 shortbow of Dowdy Optimality {drain, rF+
                  | rC+ Will+ Str-3 Int+3}
 27709 | Snake:1  | Found Iduixzag's Assorted Antiques.
 27758 | Snake:1  | Found a runed translucent door.
 27759 | Snake:1  | Noticed Nitaif's ghost (adept GrFi)
 27919 | Snake:1  | Found Qoaclofo's Antique Armour Shoppe.
 28322 | Snake:2  | Reached skill level 5 in Ice Magic
 29519 | Snake:2  | Noticed Aizul
 29535 | Snake:2  | Killed Aizul
 29860 | Snake:2  | Noticed Jorgrun
 29883 | Snake:2  | Killed Jorgrun
 30045 | Snake:3  | Noticed Donald
 30707 | Snake:3  | Reached XP level 17. HP: 76/112 MP: 6/31
 31140 | Snake:1  | Killed Nitaif's ghost
 31146 | Snake:1  | Bought a potion of mutation for 272 gold pieces
 31204 | Snake:1  | Got Etelept's Precepts of Gathered Thermatology
 31214 | Snake:1  | Learned a level 5 spell: Freezing Cloud
 31424 | Shoals:1 | Entered Level 1 of the Shoals
 31653 | Shoals:1 | Reached skill level 15 in Fighting
 32155 | Shoals:1 | Noticed a kraken
 33377 | Shoals:2 | Learned a level 6 spell: Iron Shot
 33609 | Shoals:2 | Reached skill level 15 in Shields
 34350 | Abyss:2  | Noticed a tentacled monstrosity
 34350 | Abyss:2  | Cast into level 2 of the Abyss (merfolk impaler)
 34580 | Abyss:2  | Noticed a tentacled starspawn
 34599 | Abyss:2  | Killed a tentacled starspawn
 34675 | Abyss:2  | Reached skill level 10 in Ice Magic
 34888 | Abyss:3  | Found a corrupted altar of Lugonu.
 35010 | Abyss:3  | Noticed a bone dragon
 35025 | Abyss:3  | Reached XP level 18. HP: 55/121 MP: 32/32
 35245 | Abyss:3  | Elyvilon protects you from harm!
 35398 | Abyss:3  | Noticed a bone dragon
 35415 | Abyss:3  | Noticed a bone dragon
 35517 | Abyss:3  | Found a runed translucent door.
 35518 | Abyss:3  | Noticed a walking frostbound tome
 35524 | Abyss:3  | Gained mutation: You have hidden genetic defects. [a
                  | neqoxec]
 35798 | Shoals:3 | Escaped the Abyss
 35808 | Shoals:3 | Noticed Bai Suzhen
 35851 | Shoals:3 | Noticed Nikola
 35986 | Shoals:2 | Lost mutation: You have hidden genetic defects. [potion of
                  | mutation]
 35986 | Shoals:2 | Gained mutation: You are partially covered in iridescent
                  | scales. (AC +2) [potion of mutation]
 35986 | Shoals:2 | Gained mutation: You have sharp toenails. [potion of
                  | mutation]
 35986 | Shoals:2 | Gained mutation: You are mostly covered in iridescent
                  | scales. (AC +4) [potion of mutation]
 35995 | Shoals:2 | Learned a level 7 spell: Ozocubu's Refrigeration
 36261 | Shoals:3 | Killed Nikola
 36455 | Shoals:3 | Killed Bai Suzhen
 37100 | Shoals:4 | Entered Level 4 of the Shoals
 37679 | Shoals:4 | Identified the +5 battleaxe of the Shifting Seeker {pain,
                  | rElec Str+4}
 38285 | Shoals:4 | Identified Roxanne's Opusculum on Shapes
 38285 | Shoals:4 | Noticed Roxanne
 38315 | Shoals:4 | Reached skill level 5 in Dodging
 38615 | Shoals:4 | Noticed Ilsuiw
 38627 | Shoals:4 | Killed Ilsuiw
 38759 | Shoals:4 | Got a barnacled rune of Zot
 38977 | Shoals:4 | Killed Roxanne
 39471 | D:12     | Found a large runed translucent door.
 39471 | D:12     | Found a large runed translucent door.
 39630 | D:12     | Reached XP level 19. HP: 130/130 MP: 33/33
 39665 | D:12     | Noticed Fannar
 39678 | D:12     | Killed Fannar
 40095 | D:12     | Noticed Nergalle
 40131 | D:12     | Killed Nergalle
 40427 | D:12     | Noticed Wowumid's ghost (journeyman MfBe)
 40623 | D:12     | Killed Wowumid's ghost
 40783 | D:13     | Noticed Azrael
 40797 | D:13     | Killed Azrael
 41061 | D:13     | Noticed Frances
 41068 | D:13     | Killed Frances
 41369 | D:13     | Noticed Kirke
 41379 | D:13     | Killed Kirke
 41502 | D:13     | Noticed Sonja
 41505 | D:13     | Killed Sonja
 41856 | D:14     | Found a gate to the Vaults.
 41930 | D:14     | Found a portal to a secret trove of treasure.
 42241 | D:14     | Found a burning altar of Makhleb.
 42485 | D:15     | Entered Level 15 of the Dungeon
 43333 | D:15     | Noticed Louise
 43340 | D:15     | Killed Louise
 43516 | D:15     | Found an ancient bone altar of Kikubaaqudgha.
 43885 | D:15     | Found a staircase to the Depths.
 44855 | Snake:3  | Killed Donald
 45300 | Snake:3  | Found a runed translucent door.
 45300 | Snake:3  | Noticed Sopaerr's ghost (journeyman MiBe)
 45559 | Snake:3  | Found Hekam's General Store.
 45563 | Snake:3  | Found Lurif's Specific Store.
 45571 | Snake:3  | Bought a scroll of teleportation for 51 gold pieces
 45571 | Snake:3  | Bought a potion of heal wounds for 85 gold pieces
 45834 | Snake:3  | Killed Sopaerr's ghost
 45841 | Snake:3  | Identified the +9 flail of Setetuna {freeze, Dex+3}
 46008 | Snake:4  | Entered Level 4 of the Snake Pit
 46008 | Snake:4  | Found Casublah's Weapon Shoppe.
 46029 | Snake:4  | Identified a scroll of acquirement
 46532 | Snake:4  | Reached skill level 15 in Ice Magic
 46552 | Snake:4  | Reached XP level 20. HP: 136/136 MP: 14/34
 46898 | Snake:4  | Noticed Vashnia
 46992 | Snake:4  | Killed Vashnia
 47569 | Snake:4  | Reached skill level 10 in Dodging
 48008 | Snake:4  | Got a serpentine rune of Zot
 48731 | Lair:4   | Killed indyram44's ghost
 49099 | Orc:2    | Bought a shiny ring mail for 245 gold pieces
 49105 | Orc:2    | Acquired the +3 Mad Mage's Maulers {Infuse+∞ RegenMP Int-3}
 49105 | Orc:2    | Found the +3 Mad Mage's Maulers {Infuse+∞ RegenMP Int-3}
 49172 | Elf:1    | Entered Level 1 of the Elven Halls
 49776 | Elf:1    | Found Bistruul's Magic Scroll Boutique.
 49780 | Elf:1    | Bought a scroll of blinking for 90 gold pieces
 49780 | Elf:1    | Bought a scroll of enchant armour for 90 gold pieces
 49780 | Elf:1    | Bought a scroll of teleportation for 36 gold pieces
 49780 | Elf:1    | Bought a scroll of blinking for 90 gold pieces
 49782 | Elf:1    | Bought a scroll of fog for 48 gold pieces
 50708 | Elf:2    | Found a runed translucent door.
 50708 | Elf:2    | Noticed Eveboq's ghost (adept HuCj)
 50755 | Elf:2    | Killed Eveboq's ghost
 51066 | Elf:2    | Found a huge runed translucent gate.
 51066 | Elf:2    | Found a huge runed translucent gate.
 51066 | Elf:2    | Found a huge runed translucent gate.
 51072 | Elf:2    | Found a huge runed translucent gate.
 51072 | Elf:2    | Found a huge runed translucent gate.
 52030 | Elf:3    | Entered Level 3 of the Elven Halls
 52192 | Elf:3    | Reached XP level 21. HP: 70/140 MP: 19/35
 52385 | Elf:3    | Identified the ring of Equilibrium {rElec rF++ rC- Int+6}
 52391 | Elf:3    | Identified the ring "Dorumaz" {rF+ Will+ rCorr Str+3 Dex+2}
 52415 | Elf:3    | Reached skill level 10 in Armour
 52754 | Elf:3    | Identified the +8 mace of Darkness {vorpal, rPois rC++
                  | Will+}
 52942 | Elf:3    | Identified the +4 ring mail "Geestrew" {rC+}
 52947 | Elf:3    | Got the Reference Book on the Oath
 52954 | Elf:3    | Identified the +6 quarterstaff "Loixoydu" {drain, rElec
                  | rPois Str-4}
 53032 | Elf:3    | Got Sif Muna's Vellum of Damaging Enchantment
 53035 | Elf:3    | Got the Papyrus of Sulphur
 53140 | Elf:3    | Got the Monograph on the Chilled Squall
 53233 | Elf:3    | Acquired 792 gold pieces
 53805 | Elf:3    | Learned a level 4 spell: Iskenderun's Mystic Blast
 53809 | Elf:3    | Learned a level 3 spell: Ozocubu's Armour
 54039 | Vaults:1 | Entered Level 1 of the Vaults
 54103 | Vaults:1 | Found a magical portal.
 54112 | WizLab   | Entered Yara's Duelist Academy
 54490 | WizLab   | Noticed Mabikuir
 54505 | WizLab   | Killed Mabikuir the Head Instructor
 55605 | Vaults:1 | Reached skill level 10 in Conjurations
 56538 | Vaults:1 | Noticed Saint Roka
 56602 | Vaults:1 | Killed Saint Roka
 57103 | Vaults:2 | Reached XP level 22. HP: 114/146 MP: 22/36
 57225 | Vaults:2 | Noticed Sojobo
 57249 | Vaults:2 | Killed Sojobo
 58268 | Vaults:2 | Identified the ring "Usog" {rF+ Will+ Int-4 Dex+5}
 59388 | Vaults:3 | Found a crumbling gateway.
 59432 | Vaults:3 | Found a white marble altar of Elyvilon.
 59432 | Vaults:3 | Found a glowing golden altar of the Shining One.
 59432 | Vaults:3 | Found a glowing silver altar of Zin.
 59513 | Desolati | Entered the Desolation of Salt
 60178 | Desolati | Identified the ring "Uzoe" {rF+ EV+4 Str+8}
 60262 | Desolati | Got the Folio of the Tempest
 60263 | Desolati | Identified the +11 halberd "Zagar" {antimagic, rPois}
 60302 | Desolati | Got the Commentary on the Telluric Salvo
 60303 | Desolati | Identified the +0 pair of gloves of Kidwerer {rPois MP+9
                  | Dex+4}
 60344 | Desolati | Identified the +7 scimitar of Xom, Thieving {flame, Will-
                  | Str+2 Int+3}
 60577 | Desolati | Found the +3 warlock's mirror {reflect}
 60586 | Desolati | Got Sif Muna's Almanac of Air
 60588 | Desolati | Identified the +5 great sword of Blood {venom, +Blink rC-
                  | Str+8}
 60652 | Desolati | Identified the +9 longbow "Cuudea" {freeze, rF+ rCorr
                  | Dex+2}
 60975 | Vaults:3 | Reached XP level 23. HP: 152/152 MP: 35/37
 60998 | Vaults:3 | Found Maomel's Assorted Antiques.
 61001 | Vaults:3 | Noticed Mennas
 61930 | Vaults:4 | Reached skill level 15 in Armour
 62153 | Vaults:4 | Noticed Boris
 63025 | Slime:1  | Entered Level 1 of the Pits of Slime
 63366 | Slime:2  | You are sucked into a shaft and drop 1 floor!
 64770 | Slime:5  | Entered Level 5 of the Pits of Slime
 65359 | Slime:5  | Noticed the Royal Jelly
 66176 | Slime:5  | Killed the Royal Jelly
 66539 | Slime:5  | Identified the +6 plate armour of Qieluum {Dex+3}
 66541 | Slime:5  | Identified the +1 robe of Zall {Will+ Dex+4}
 66557 | Slime:5  | Identified the +2 mace "Kizivvi" {spect, rC+ Dex+2}
 66587 | Slime:5  | Identified the +8 mace of Nuaru {chaos, rC- Str+4}
 66619 | Slime:5  | Got a slimy rune of Zot
 66623 | Slime:5  | Identified the +1 plate armour of Biwatiomn {Regen+ Dex+2}
 66628 | Slime:5  | Identified the ring "Piesten" {Will+ Int+6 Dex+2 Stlth+}
 66645 | Slime:5  | Identified the +9 whip of Benevolence {vorpal, rC+ Int+2}
 67250 | Depths:1 | Entered Level 1 of the Depths
 67361 | Depths:1 | Reached XP level 24. HP: 140/159 MP: 24/37
 67530 | Depths:1 | Found a gateway to Hell.
 67819 | Depths:1 | Reached skill level 15 in Earth Magic
 68317 | Depths:1 | Found Gergh's Self-Improvement Boutique.
 68325 | Depths:1 | Bought a manual of Long Blades for 1360 gold pieces
 69586 | Depths:2 | Paralysed by a vampire knight for 3 turns
 69592 | Depths:2 | Paralysed by a floating eye for 3 turns
 70470 | Depths:2 | Found a one-way gate leading to the halls of Pandemonium.
 71082 | Depths:2 | Learned a level 9 spell: Polar Vortex
 71096 | Depths:3 | Noticed Mara
 71101 | Depths:3 | Found a one-way gateway to a ziggurat.
 71445 | Depths:3 | Found a one-way gate to the infinite horrors of the Abyss.
 71476 | Depths:3 | Found a radiant altar of Vehumet.
 71479 | Depths:3 | Noticed AigisTheKnight's illusion
 71485 | Depths:3 | Killed Mara
 71486 | Depths:3 | Reached skill level 10 in Long Blades
 72275 | Depths:3 | Noticed a caustic shrike
 72282 | Depths:3 | Killed a caustic shrike
 72314 | Depths:3 | Identified the ring of Xuosch {Will+ Dex+6 SInv}
 72321 | Depths:3 | Reached XP level 25. HP: 97/166 MP: 11/38
 72725 | Depths:4 | Entered Level 4 of the Depths
 73707 | Depths:4 | Identified the amulet of Poseph {Reflect Regen+ Str+6 Int-3
                  | Slay-4 SH+5}
 74173 | Depths:4 | Found a gate to the Realm of Zot.
 74626 | Depths:4 | Found Pupusaf's Jewellery Boutique.
 74627 | Depths:4 | Found Nixav's Book Shoppe.
 74628 | Depths:4 | Found Nufaso's Jewellery Boutique.
 75259 | Vaults:3 | Fell from the grace of Elyvilon
 75259 | Vaults:3 | Became a worshipper of the Shining One
 75259 | Vaults:3 | Reached * piety under the Shining One
 75259 | Vaults:3 | Reached ** piety under the Shining One
 75259 | Vaults:3 | Reached *** piety under the Shining One
 75259 | Vaults:3 | Reached **** piety under the Shining One
 75405 | Vaults:3 | Killed Mennas
 75817 | Vaults:3 | Noticed Asterion
 75841 | Vaults:3 | Killed Asterion
 76520 | Vaults:3 | Found a staircase to the Crypt.
 76557 | Vaults:3 | Found Otweoliy's Distillery.
 76566 | Vaults:3 | Bought a potion of heal wounds for 65 gold pieces
 77020 | Vaults:4 | Killed Boris
 77369 | Vaults:4 | Found Itation's Antique Weapon Shoppe.
 77616 | Vaults:5 | Entered Level 5 of the Vaults
 77616 | Vaults:5 | Reached ***** piety under the Shining One
 77626 | Vaults:5 | Noticed Boris
 78199 | Vaults:5 | Killed Boris
 78199 | Vaults:5 | Noticed an ancient lich
 78334 | Vaults:5 | Killed an ancient lich
 78335 | Vaults:5 | Reached XP level 26. HP: 174/174 MP: 23/39
 79082 | Vaults:5 | Identified the +6 morningstar of the Hurtling Tiger {flame,
                  | *Slow Fly Will++ SInv}
 79082 | Vaults:5 | Identified the +5 sling "Imiekh" {freeze, Dex+4}
 79557 | Vaults:5 | Identified the +10 bardiche "Zeuledgh" {vorpal, *Corrode
                  | Str+8}
 79595 | Vaults:5 | Identified the +0 robe "Mires" {Rampage Drain Will++
                  | Regen+}
 80315 | Vaults:5 | Noticed a dread lich
 80321 | Vaults:5 | Killed a dread lich
 80643 | Vaults:5 | Identified the +6 trident of Tola {protect, rElec Str+4
                  | Int+6 Dex-5}
 80994 | Vaults:5 | Found the +2 hat of the Bear Spirit {Spirit, *Rage Will++}
 80998 | Vaults:5 | Identified the +3 dagger "Stringbean" {distort, +Blink
                  | rPois Dex+4 Stlth+}
 81610 | Vaults:5 | Got a silver rune of Zot
 81741 | Crypt:1  | Entered Level 1 of the Crypt
 81758 | Crypt:1  | Reached ****** piety under the Shining One
 82050 | Crypt:1  | Reached skill level 15 in Long Blades
 82465 | Crypt:1  | Identified a +2 eudemon blade of holy wrath (a +0 antimagic
                  | demon blade blessed by the Shining One)
 82465 | Crypt:1  | Received a gift from the Shining One
 83263 | Crypt:2  | Reached XP level 27. HP: 158/182 MP: 40/40
 83755 | Crypt:2  | Identified the +6 mace of Bagoigarr {vorpal, Contam rElec
                  | Dex+3 Stlth+}
 83762 | Crypt:2  | Identified the +7 battleaxe of the Unkillable {drain,
                  | *Corrode Str+4}
 83863 | Crypt:3  | Entered Level 3 of the Crypt
 84021 | Crypt:3  | Noticed Jory
 84028 | Crypt:3  | Killed Jory
 84204 | Crypt:3  | Found a basalt altar of Yredelemnul.
 84554 | Crypt:3  | Noticed Xtahua
 84562 | Crypt:3  | Killed Xtahua
 84729 | Crypt:3  | Found a staircase to the Tomb.
 84729 | Crypt:3  | Noticed Khufu
 84737 | Crypt:3  | Killed Khufu
 85199 | Crypt:3  | Found the +8 Vampire's Tooth {vamp}
 86010 | Zot:1    | Entered Level 1 of the Realm of Zot
 86167 | Depths:4 | Learned a level 8 spell: Lehudib's Crystal Spear
 87667 | Zot:2    | Reached skill level 15 in Spellcasting
 88041 | Zot:2    | Identified the +6 morningstar "Boogoti" {vorpal, Fragile
                  | MP+9 Str+6 Stlth+}
 88383 | Zot:2    | Found the +4 dragonskin cloak
 88383 | Zot:2    | Noticed Tiamat
 93076 | Zot:5    | Entered Level 5 of the Realm of Zot
 93670 | Zot:5    | Noticed an orb of fire
 94129 | Zot:5    | Reached skill level 27 in Ice Magic
 94139 | Zot:5    | Noticed a dread lich
 94146 | Zot:5    | Killed a dread lich
 94328 | Zot:5    | Noticed a dread lich
 94343 | Zot:5    | Killed a dread lich
 94347 | Zot:5    | Noticed an orb of fire
 94352 | Zot:5    | Noticed an orb of fire
 94354 | Zot:5    | Gained mutation: You have hidden genetic potential. [an orb
                  | of fire]
 94355 | Zot:5    | Killed an orb of fire
 94355 | Zot:5    | Was placed under penance by the Shining One
 94373 | Zot:5    | Killed an orb of fire
 94377 | Zot:5    | Killed an orb of fire
 95819 | Vaults:3 | Bought a potion of might for 52 gold pieces
 95819 | Vaults:3 | Bought 2 potions of lignification for 78 gold pieces
 95819 | Vaults:3 | Bought a potion of lignification for 39 gold pieces
 95819 | Vaults:3 | Bought a potion of might for 52 gold pieces
 96222 | Pan      | Entered Pandemonium
 96222 | Pan      | Found a runed translucent door.
 96242 | Pan      | Was forgiven by the Shining One
 96254 | Pan      | Found a runed translucent door.
 96404 | Pan      | Found a runed translucent door.
 96413 | Pan      | Found a runed translucent door.
 96453 | Pan      | Reached skill level 10 in Invocations
 97297 | Pan      | Noticed Lolohenu the pandemonium lord
 97312 | Pan      | Killed Lolohenu the pandemonium lord
 97319 | Pan      | Gained mutation: You sometimes lose your temper in combat.
                  | [a cacodemon]
 97510 | Pan      | Got a demonic rune of Zot
 97567 | Pan      | Noticed Imyuth the pandemonium lord
 97588 | Pan      | Killed Imyuth the pandemonium lord
 99799 | Pan      | Gained mutation: You expend magic power (3 MP) to
                  | strengthen your wands. [hidden potential]
 99837 | Pan      | Lost mutation: You have hidden genetic potential. [potion
                  | of mutation]
 99837 | Pan      | Lost mutation: You have sharp toenails. [potion of
                  | mutation]
 99837 | Pan      | Lost mutation: You expend magic power (3 MP) to strengthen
                  | your wands. [potion of mutation]
 99837 | Pan      | Gained mutation: Your flesh is cold resistant. (rC+)
                  | [potion of mutation]
 99838 | Pan      | Lost mutation: You are mostly covered in iridescent scales.
                  | (AC +4) [potion of mutation]
 99838 | Pan      | Lost mutation: You sometimes lose your temper in combat.
                  | [potion of mutation]
 99838 | Pan      | Gained mutation: You passively dampen the noise of your
                  | surroundings. [potion of mutation]
 99838 | Pan      | Gained mutation: You are strong-willed. (Will+) [potion of
                  | mutation]
100266 | Pan      | Noticed Legilux the pandemonium lord
100278 | Pan      | Killed Legilux the pandemonium lord
100757 | Pan      | Upgraded the game from 0.30-a0-457-g4b7bca3bfa to
                  | 0.30-a0-465-g8901f6c8b5
102561 | Pan      | Found a white marble altar of Elyvilon.
104331 | Pan      | Identified the +9 war axe of the Telling Tiger {vorpal,
                  | Int+5}
104418 | Pan      | Reached skill level 15 in Conjurations
105559 | Pan      | Found a glowing silver altar of Zin.
106469 | Pan      | Noticed a seraph
106471 | Pan      | Identified the ring of Atzitu {Will+ Dex+2}
106806 | Pan      | Killed a seraph
106976 | Pan      | Found a glowing golden altar of the Shining One.
106985 | Pan      | Got the Secrets of Diablerie and the Arsonist
107230 | Pan      | Noticed Bigarot the pandemonium lord
107240 | Pan      | Killed Bigarot the pandemonium lord
108079 | Pan      | Entered the realm of Mnoleg.
108213 | Pan      | Noticed Mnoleg
108216 | Pan      | Was placed under penance by the Shining One
108230 | Pan      | Killed Mnoleg
108293 | Pan      | Reached skill level 15 in Invocations
108485 | Pan      | Was forgiven by the Shining One
108501 | Pan      | Got a glowing rune of Zot
108785 | Pan      | Gained mutation: You occasionally lose the ability to drink
                  | potions when taking damage. [a cacodemon]
108934 | Pan      | Entered the realm of Lom Lobon.
109000 | Pan      | Found an exit through the horrors of the Abyss.
109123 | Pan      | Reached skill level 1 in Translocations
109484 | Pan      | Noticed Lom Lobon
109896 | Pan      | Killed Lom Lobon
109908 | Pan      | Got a magical rune of Zot
110476 | Pan      | Entered the realm of Cerebov.
110735 | Pan      | Learned a level 2 spell: Blink
111111 | Pan      | Identified the ring "Zammomud" {rF+ Str+2 SInv}
111182 | Pan      | Found the +6 sword of Cerebov {flame}
111182 | Pan      | Noticed Cerebov
111210 | Pan      | Killed Cerebov
111366 | Pan      | Identified the +9 scale mail of the Constellations {Harm
                  | Fly Dex+3}
111372 | Pan      | Identified the +10 whip of Tomorrow {vorpal, Fly}
111460 | Pan      | Identified the +4 morningstar "Mawkipp" {holy, rPois Dex+2}
111484 | Pan      | Identified the +4 ring mail of the Falcon {-Cast rC+ rN+}
111495 | Pan      | Identified the +6 shortbow of Uskayaw's Outrage {drain,
                  | Str+3}
112110 | Pan      | Got a fiery rune of Zot
112167 | Pan      | Entered the realm of Gloorx Vloq.
112946 | Pan      | Noticed Gloorx Vloq
112959 | Pan      | Killed Gloorx Vloq
112982 | Pan      | Reached skill level 27 in Fighting
113097 | Pan      | Got a dark rune of Zot
113254 | Pan      | Noticed Isi Piocae the pandemonium lord
113269 | Pan      | Killed Isi Piocae the pandemonium lord
113516 | Pan      | Identified the ring "Uqoatot" {Int+6 Dex+7 Slay+2}
114515 | Pan      | Noticed Utuiluh the pandemonium lord
114525 | Pan      | HP: 6/199 [Hell Sentinel/damnation (44)]
114576 | Pan      | Killed Utuiluh the pandemonium lord
114879 | Pan      | Found an exit through the horrors of the Abyss.
115051 | Depths:2 | Escaped Pandemonium
115060 | Hell     | Entered the Vestibule of Hell
115062 | Hell     | Noticed Geryon
115068 | Hell     | Killed Geryon
115385 | Hell     | Noticed Murray
115396 | Hell     | Killed Murray
115402 | Hell     | Noticed a dread lich
115416 | Hell     | Killed a dread lich
115491 | Hell     | Found a gateway to the decaying netherworld of Tartarus.
115574 | Hell     | Found a gateway to the freezing wastes of Cocytus.
115779 | Hell     | Found a gateway to the Iron City of Dis.
115877 | Hell     | Found a gateway to the ashen valley of Gehenna.
115979 | Coc:1    | Entered Level 1 of Cocytus
116257 | Coc:6    | Reached skill level 15 in Dodging
116469 | Coc:6    | Paralysed by a wendigo for 1 turns
116660 | Coc:7    | Entered Level 7 of Cocytus
116796 | Coc:7    | Paralysed by a wendigo for 1 turns
116865 | Coc:7    | Paralysed by a wendigo for 1 turns
116884 | Coc:7    | Paralysed by a wendigo for 1 turns
116890 | Coc:7    | Paralysed by a wendigo for 1 turns
117192 | Coc:7    | Paralysed by a wendigo for 1 turns
117198 | Coc:7    | Paralysed by a wendigo for 1 turns
117250 | Coc:7    | Noticed Antaeus
117795 | Coc:7    | Identified the +1 fire dragon scales "Xohek" {Contam Harm
                  | rF++ rC- rCorr Str+4}
117806 | Coc:7    | Killed Antaeus
117834 | Coc:7    | Got an icy rune of Zot
118159 | Coc:7    | Paralysed by a wendigo for 1 turns
118415 | Coc:7    | Identified the +0 halberd "Gocla" {vorpal, Drain rPois
                  | Str+2}
118607 | Hell     | Upgraded the game from 0.30-a0-465-g8901f6c8b5 to
                  | 0.30-a0-475-g03497ec522
118617 | Tar:1    | Entered Level 1 of Tartarus
118617 | Tar:1    | Found a huge runed gate.
118617 | Tar:1    | Found a huge runed gate.
118617 | Tar:1    | Found a huge runed gate.
118617 | Tar:1    | Found a huge runed gate.
118621 | Tar:1    | Found a huge runed gate.
118637 | Tar:1    | Found a huge runed gate.
118643 | Tar:1    | Found a huge runed gate.
118644 | Tar:1    | Found a huge runed gate.
118644 | Tar:1    | Found a huge runed gate.
118645 | Tar:1    | Found a huge runed gate.
118645 | Tar:1    | Found a huge runed gate.
118646 | Tar:1    | Found a huge runed gate.
118646 | Tar:1    | Found a huge runed gate.
118802 | Tar:1    | Noticed a dread lich
118810 | Tar:1    | Killed a dread lich
119640 | Tar:3    | Noticed a dread lich
119646 | Tar:3    | Killed a dread lich
121414 | Tar:7    | Entered Level 7 of Tartarus
122683 | Tar:7    | Identified the +8 morningstar "Ebailer" {elec, rPois Str+7
                  | Int+2}
123225 | Tar:7    | Noticed Ereshkigal
123239 | Tar:7    | Killed Ereshkigal
123302 | Tar:7    | Got a bone rune of Zot
123751 | Hell     | Upgraded the game from 0.30-a0-475-g03497ec522 to
                  | 0.30-a0-476-g330ca2eb8e
123755 | Geh:1    | Entered Level 1 of Gehenna
123755 | Geh:1    | You are sucked into a shaft and drop 1 floor!
124007 | Geh:6    | Noticed an ancient lich
124007 | Geh:6    | Noticed a dread lich
124007 | Geh:6    | Noticed an ancient lich
124007 | Geh:6    | Noticed a dread lich
124007 | Geh:6    | Noticed an ancient lich
124016 | Geh:6    | Killed an ancient lich
124017 | Geh:6    | Killed a dread lich
124017 | Geh:6    | Killed a dread lich
124017 | Geh:6    | Killed an ancient lich
124019 | Geh:6    | Killed an ancient lich
124109 | Geh:7    | Entered Level 7 of Gehenna
124194 | Geh:7    | Identified the +8 tower shield "Iqullaokaw" {rElec Int+5}
125356 | Geh:7    | Identified the +13 crystal plate armour "Laloetuo" {rC++}
125588 | Geh:7    | Identified the +3 demon blade "Jeonkan" {speed, rN+}
125741 | Geh:7    | Identified the +11 sling of the Well-Known People {vorpal,
                  | rElec rC+ Will+ Stlth-}
125940 | Geh:7    | Found the +7 sceptre of Asmodeus
125940 | Geh:7    | Noticed Asmodeus
125958 | Geh:7    | Killed Asmodeus
126045 | Geh:7    | Got the Almanac of the Lithosphere
126058 | Geh:7    | Got an obsidian rune of Zot
126075 | Geh:7    | Identified the +5 shortbow of Drought {drain, rElec rC- rN+
                  | Dex+4}
126709 | Dis:1    | Entered Level 1 of the Iron City of Dis
127436 | Dis:3    | Noticed a dread lich
127455 | Dis:3    | Killed a dread lich
128026 | Dis:3    | You are sucked into a shaft and drop 3 floors!
128051 | Dis:6    | Identified the +1 tower shield of Tempters {Dex+5}
128116 | Dis:7    | Entered Level 7 of the Iron City of Dis
131580 | Dis:7    | Found the +4 staff of Dispater
131580 | Dis:7    | Noticed Dispater
131580 | Dis:7    | Noticed a juggernaut
131599 | Dis:7    | Killed Dispater
131601 | Dis:7    | Killed a juggernaut
131863 | Dis:7    | Identified the +6 quarterstaff "Zada Wao" {venom, rPois rN+
                  | Will+}
131866 | Dis:7    | Got an iron rune of Zot
132445 | Tomb:1   | Entered Level 1 of the Tomb of the Ancients
132697 | Tomb:1   | Noticed Boris
132701 | Tomb:1   | Killed Boris
132845 | Tomb:1   | Noticed a royal mummy
132864 | Tomb:1   | Killed a royal mummy
133074 | Tomb:1   | Identified the +11 arbalest of the Horn {flame, Str+7
                  | Dex+3}
133366 | Tomb:1   | Noticed a royal mummy
133371 | Tomb:1   | Killed a royal mummy
133758 | Tomb:2   | Noticed a royal mummy
133758 | Tomb:2   | Noticed a royal mummy
133759 | Tomb:2   | Noticed a royal mummy
133782 | Tomb:2   | Killed a royal mummy
133791 | Tomb:2   | Killed a royal mummy
133792 | Tomb:2   | Killed a royal mummy
133795 | Tomb:2   | Noticed a royal mummy
133809 | Tomb:2   | Killed a royal mummy
134237 | Tomb:1   | Noticed a royal mummy
134240 | Tomb:1   | Killed a royal mummy
134245 | Tomb:1   | Noticed a royal mummy
134246 | Tomb:1   | Noticed a royal mummy
134257 | Tomb:1   | Killed a royal mummy
134263 | Tomb:1   | Killed a royal mummy
134275 | Tomb:1   | Noticed a royal mummy
134290 | Tomb:1   | Killed a royal mummy
134297 | Tomb:1   | Noticed a royal mummy
134311 | Tomb:1   | Killed a royal mummy
134533 | Tomb:1   | Noticed a royal mummy
134536 | Tomb:1   | Killed a royal mummy
134542 | Tomb:1   | Noticed a royal mummy
134545 | Tomb:1   | Killed a royal mummy
134550 | Tomb:1   | Noticed a royal mummy
134555 | Tomb:1   | Killed a royal mummy
134557 | Tomb:1   | Noticed a royal mummy
134587 | Tomb:1   | Killed a royal mummy
134765 | Tomb:1   | Noticed a royal mummy
134767 | Tomb:1   | Noticed a royal mummy
134772 | Tomb:1   | Killed a royal mummy
134775 | Tomb:1   | Killed a royal mummy
135028 | Tomb:1   | Noticed a royal mummy
135043 | Tomb:1   | Killed a royal mummy
135047 | Tomb:1   | Noticed a royal mummy
135054 | Tomb:1   | Killed a royal mummy
135151 | Tomb:1   | Noticed a royal mummy
135163 | Tomb:1   | Killed a royal mummy
135298 | Tomb:1   | Noticed a royal mummy
135304 | Tomb:1   | Killed a royal mummy
135362 | Tomb:1   | Noticed a royal mummy
135365 | Tomb:1   | Noticed a royal mummy
135368 | Tomb:1   | Killed a royal mummy
135375 | Tomb:1   | Killed a royal mummy
135467 | Tomb:1   | Noticed a royal mummy
135472 | Tomb:1   | Killed a royal mummy
135483 | Tomb:1   | Noticed a royal mummy
135485 | Tomb:1   | Noticed a royal mummy
135489 | Tomb:1   | Killed a royal mummy
135507 | Tomb:1   | Killed a royal mummy
135774 | Tomb:1   | Noticed a royal mummy
135784 | Tomb:1   | Killed a royal mummy
135843 | Tomb:1   | Noticed a royal mummy
135851 | Tomb:1   | Killed a royal mummy
135854 | Tomb:1   | Noticed a royal mummy
135865 | Tomb:1   | Killed a royal mummy
135881 | Tomb:1   | Noticed a royal mummy
135889 | Tomb:1   | Killed a royal mummy
135892 | Tomb:1   | Noticed a royal mummy
135898 | Tomb:1   | Killed a royal mummy
136338 | Tomb:3   | Entered Level 3 of the Tomb of the Ancients
136385 | Tomb:3   | Was placed under penance by the Shining One
136689 | Tomb:3   | Identified the ring of Feifof {Wiz rElec rN+++ Str-4 Dex+5}
136700 | Tomb:3   | Identified the +6 shortbow of Plague {flame, Int+3}
136703 | Tomb:3   | Identified the +1 ring mail "Peottuaj" {rPois}
136709 | Tomb:3   | Got the Anthology of Ensorcelling and Vitiation
136710 | Tomb:3   | Identified the ring "Teqol" {rPois rF++ Will- Str+6 SInv}
136712 | Tomb:3   | Identified the amulet "Rituan" {rF+ rC+ Regen+}
136720 | Tomb:3   | Identified the ring of Miracles {rF+ rC++ Dex+7 Stlth-}
136744 | Tomb:3   | Identified the +4 robe "Jaifua" {Rampage *Slow rF+ Dex+4}
136767 | Tomb:3   | Identified the +11 dagger "Murmur" {freeze, +Blink rC-
                  | rCorr Str+7}
136828 | Tomb:3   | Was forgiven by the Shining One
136841 | Tomb:3   | Noticed a royal mummy
136841 | Tomb:3   | Noticed a royal mummy
136847 | Tomb:3   | Noticed a royal mummy
136848 | Tomb:3   | Killed a royal mummy
136850 | Tomb:3   | Killed a royal mummy
136855 | Tomb:3   | Killed a royal mummy
136855 | Tomb:3   | Noticed a royal mummy
136857 | Tomb:3   | Noticed a royal mummy
136861 | Tomb:3   | Noticed a royal mummy
136887 | Tomb:3   | Killed a royal mummy
136892 | Tomb:3   | Noticed a royal mummy
136903 | Tomb:3   | Killed a royal mummy
136917 | Tomb:3   | Killed a royal mummy
137060 | Tomb:3   | Killed a royal mummy
137098 | Tomb:3   | Noticed a royal mummy
137131 | Tomb:3   | Killed a royal mummy
137552 | Tomb:3   | Noticed a royal mummy
137561 | Tomb:3   | Killed a royal mummy
137615 | Tomb:3   | Got a golden rune of Zot
138395 | Depths:3 | Voluntarily entered the Abyss.
138395 | Abyss:3  | Found a corrupted altar of Lugonu.
138465 | Abyss:3  | Got an abyssal rune of Zot
138628 | Abyss:3  | Found a corrupted altar of Lugonu.
138764 | Depths:3 | Escaped the Abyss
138922 | Zot:5    | Noticed an orb of fire
138931 | Zot:5    | Killed an orb of fire
139161 | Zot:5    | Got the Orb of Zot
139785 | D:7      | Noticed Osyol the pandemonium lord
139797 | D:7      | Killed Osyol the pandemonium lord
139999 | D:$      | Escaped with the Orb!

Illustrated notes

Levels and vault maps discovered:
D:1:      lightli_arrival_statuegarden, layout_basic, minmay_heptomino_l4
D:2:      layout_rooms, minmay_misc_feat_room, uniq_jessica,
          uniq_crazy_yiuf_cottage
D:3:      layout_loops_cross, serial_undead, serial_undead_e, serial_undead_a,
          serial_undead_a, serial_undead_b,
          shapermc_ecumenical_altar_mp_ritualfount
D:4:      layout_loops_cross, chequers_temple_overflow_statue_of_worship,
          hangedman_ru_absence, nicolae_take_the_stairs,
          minmay_misc_feat_columns, minmay_misc_feat_roman, minmay_misc_feat_x,
          uniq_robin
D:5:      layout_basic, mainiacjoe_overflow_boulevard,
          dilly_guarded_unrand_devastator
D:6:      layout_layer_cave, mainiacjoe_overflow_alcove_2,
          minmay_temple_entry_tees, small_statue_intersection
D:7:      layout_loops_corners, st_stairs_12
D:8:      layout_loops_ring, due_lair_maze_entry_diamond
D:9:      layout_big_octagon, nicolae_overflow_crystal_walls
D:10:     layout_roguey, jmf_multi_god_temple, david_orc_4,
          chequers_serial_rivers_large_a, uniq_josephine
D:11:     layout_loops_corners, trog_hazing_becter
D:12:     kennysheep_blocky_hall, layout_small_grid,
          ebering_ghost_disaster_area, serial_rivers,
          chequers_serial_rivers_room_a, chequers_serial_rivers_large_b,
          chequers_serial_rivers_micro_b, chequers_serial_rivers_small_a,
          uniq_nergalle, uniq_fannar
D:13:     layout_gridville, uniq_frances, uniq_sonja, uniq_azrael, uniq_kirke
D:14:     layout_cave_pools, erik_vaults_1, nicolae_trove_entry_crossroad,
          bloody_makhleb, minmay_statue_bubble
D:15:     grunt_enter_depths_hoard, layout_small_grid, lemuel_tele_altar,
          minmay_circle_x, uniq_louise
Temple:   compressed_dpeg_circular_temple
Lair:1:   layout_chaotic_city, portal_ice_cave_rime,
          infiniplex_staircase_pool_2, grunt_megastairs_5, lemuel_fruit_tree
Lair:2:   layout_gridlike, minmay_snake_entry_guardpost_medium, uniq_maggie
Lair:3:   layout_regular_city, minmay_shoals_entry_centaurs,
          grunt_forest_large_clearings, serial_bayou_shore_b
Lair:4:   layout_big_grid, dpeg_slime_entry_enclosed, gammafunk_ghost_arena
Lair:5:   gammafunk_lair_ancient_temple, layout_layer_cave,
          nicolae_volcano_entry_vermiform
Shoals:1: layout_shoals
Shoals:2: layout_shoals
Shoals:3: layout_shoals, uniq_nikola, uniq_bai_suzhen
Shoals:4: shoals_end_grunt_garden, layout_shoals, shoal_ilsuiw,
          nicolae_shoals_water_booths, uniq_roxanne
Snake:1:  layout_misc_corridors, serial_shops, shop, shop,
          ebering_ghost_inner_flame, nicolae_snake_shapes, serial_bayou_shore_b
Snake:2:  layout_misc_corridors, uniq_jorgrun, uniq_aizul
Snake:3:  cheibrodos_forgotten_conduit, layout_onion_interference,
          ebering_ghost_reflecting_pool, nicolae_specific_store, uniq_donald
Snake:4:  johnstein_snake_rune_scales, layout_gridlike, serial_shops, shop,
          nicolae_snake_snake_lake
Slime:1:  layout_caves, basic_altar
Slime:2:  layout_caves, nicolae_slime_phagocytosis
Slime:3:  layout_caves
Slime:4:  layout_caves
Slime:5
Orc:1:    layout_caves, serial_shops, nicolae_shop_bloodbath_and_beyond,
          basic_altar
Orc:2:    st_orc_mages, layout_caves, serial_shops, nicolae_shop_hallway_plus
Elf:1:    layout_geoelf_octagon, serial_shops, shop, hangedman_elf_disciples,
          minivault_5, serial_sigils_hangedman_shear, minmay_fountain_box
Elf:2:    elven_hall_of_blades_hangedman_alternative
          [nicolae_blade_entry_pointy_end], layout_geoelf_grid,
          gammafunk_ghost_grave
Elf:3:    elf_hall, layout_rooms, minivault_20, hangedman_elven_ridges,
          st_stairs_4
Vaults:1: infiniplex_enter_wizlab_glasses, hangedman_vaults_unwind,
          vaults_dpeg_cross, hangedman_vaults_pinch,
          hangedman_vaults_river_flow, nicolae_vaults_diagonal_hallway_8,
          ontoclasm_vaults_loading_screen, vaults_room_stairs_pillars,
          dpeg_vaults_monster_row, vaults_room_door_ring, vaults_room_pool,
          layout_vaults_quadrants, uniq_saint_roka
Vaults:2: hangedman_vaults_impose, grunt_vaults_trifunnel, v_rooms_5,
          hangedman_vaults_stitches, v_misc_16, nicolae_vaults_network_quincunx
          [nicolae_vaults_network_quincunx_subvault,
          nicolae_vaults_network_quincunx_subvault,
          nicolae_vaults_network_quincunx_subvault,
          nicolae_vaults_network_quincunx_subvault,
          nicolae_vaults_network_quincunx_subvault], st_eye, v_rooms_4,
          v_misc_3, v_misc_16, vaults_room_pools, layout_vaults_big_cross,
          uniq_sojobo
Vaults:3: portal_desolation_entry_holy_temple, grunt_vaults_hallway_short,
          nicolae_vaults_little_squares_3, nicolae_vaults_triangles,
          v_alt_pattern_2, v_alt_pattern_1, vaults_dpeg_hooks,
          minmay_crypt_entry_simple_walls, vaults_dpeg_diagonal,
          v_alt_pattern_3, vaults_dpeg_ring, layout_vaults_big_room,
          serial_shops, nicolae_shop_crystal, nicolae_shop_hallway_stairs,
          uniq_asterion, uniq_mennas
Vaults:4: ontoclasm_vaults_fault, v_rooms_3, v_misc_14,
          vaults_room_guarded_vault, vaults_room_grid, v_misc_29,
          vaults_room_octagon, vaults_mumra_lcd, grunt_vaults_twisty, v_misc_1,
          layout_vaults_maze, serial_shops, nicolae_diamond_shop, uniq_boris
Vaults:5: serial_shops
Crypt:1:  layout_basic, minmay_misc_feat_cross, minivault_11,
          grunt_crypt_arrival_guarded_gate
Crypt:2:  hangedman_hall_of_fallen_heroes, layout_misc_corridors, uniq_margery
Crypt:3:  grunt_crypt_end_deaths_head, uniq_josephina, uniq_jory, uniq_xtahua
Tomb:1
Tomb:2
Tomb:3
Depths:1: layout_basic, grunt_hell_horde, minmay_crystal_water,
          nicolae_shop_self_help, kennysheep_random_hallway
Depths:2: minmay_concentric_multi, layout_gridlike, hangedman_coc_ice_floe,
          chequers_decorated_corner, pan_entry
Depths:3: minmay_the_grid_triangle_9x9_rhombus_thin_mashed
          [minmay_the_grid_triangle_9x9_semitri,
          minmay_the_grid_triangle_9x9_prize_center,
          minmay_the_grid_triangle_9x9_negative_grid,
          minmay_the_grid_triangle_9x9_zippers_horizontal], layout_cave_pools,
          enter_ziggurat_f, nicolae_vehumet_altar_sigil,
          nicolae_abyss_entry_one_way_or_another, hell_entry, uniq_mara
Depths:4: grunt_zot_entry_hairpin, layout_cave_pools, minmay_misc_feat_iff,
          pf_hell_entry_tar_river, minmay_shop_grove
Hell
Dis:1:    layout_regular_city
Dis:2:    layout_regular_city, nicolae_dis_step_into_the_octagon
Dis:3:    layout_subdivisions
Dis:6:    layout_regular_city, nicolae_dis_spooky_hallway
Dis:7:    dis_st
Geh:1:    layout_gehenna_pools_triple
Geh:2:    layout_gehenna_pools_box
Geh:3:    layout_gehenna_pools_triple
Geh:4:    layout_gehenna_lava_caves
Geh:5:    hangedman_generic_boss_arena
Geh:6:    layout_gehenna_pools_basic, nicolae_geh_liches_on_tour
Geh:7:    geh_mu
Coc:1:    layout_cocytus_water_paths
Coc:2:    layout_cocytus_water_paths
Coc:3:    layout_ice_bergs
Coc:4:    layout_ice_bergs, serial_ice, serial_ice_b, serial_ice_e
Coc:5:    layout_cocytus_delve
Coc:6:    layout_ice_bergs
Coc:7:    coc_grunt
Tar:1:    layout_grid_maze, nicolae_tar_cuneiform_oil, not_door_vault_mu,
          nicolae_tar_spectre_spectrum
Tar:2:    layout_cathedral_of_symmetry
Tar:3:    nicolae_tar_funeral_procession, layout_cathedral_of_symmetry,
          nicolae_tar_cuneiform_heaven, nicolae_tar_combbox
Tar:4:    layout_honeycomb
Tar:5:    layout_honeycomb
Tar:6:    layout_honeycomb, nicolae_tar_cuneiform_two, nicolae_tar_stay_or_leave
Tar:7:    tar_mu [tar_mu_maze]
Zot:1:    layout_cathedral_of_symmetry, grunt_megastairs_3
Zot:2:    layout_misc_corridors, grunt_megastairs_1, uniq_tiamat
Zot:3:    lemuel_draconian_sentries, layout_misc_corridors,
          nicolae_zot_crop_circle
Zot:4:    layout_twisted_circle
Zot:5:    layout_cellular_growth, nrook_zot_tub

Skill      XL: |  1  2  3  4  5  6  7  8  9 10 11 12 13 14 15 16 17 18 19 20 21 22 23 24 25 26 27 |
---------------+----------------------------------------------------------------------------------+-----
Fighting       | 1 2 3 4 5 6 7 9 10 11 12 14 16 17 18 19 20 21 27 | 27.0
Earth Magic    | 4 5 6 7 8 9 10 11 12 13 14 15 26 | 26.7
Dodging        | 2 5 9 11 17 | 17.8
Spellcasting   | 3 4 5 6 7 8 9 10 11 12 13 19 | 19.0
Armour         | 2 3 4 6 7 8 9 12 14 15 25 | 25.8
Shields        | 2 4 5 7 8 9 10 11 13 15 19 | 19.9
Air Magic      | 1 3 |  3.5
Long Blades    | 1 3 4 5 6 7 8 10 13 15 23 | 23.4
Transmutations | 2 |  2.7
Conjurations   | 3 5 7 8 10 13 14 25 | 25.1
Invocations    | 2 5 6 7 16 | 16.8
Stealth        | 3 4 |  4.7
Ice Magic      | 3 7 10 12 15 17 18 19 21 22 23 24 27 | 27.0
Translocations | 3 |  3.2

Action                   |  1- 3 |  4- 6 |  7- 9 | 10-12 | 13-15 | 16-18 | 19-21 | 22-24 | 25-27 || total
-------------------------+-------+-------+-------+-------+-------+-------+-------+-------+-------++-------
Melee: Unarmed           |    24 |       |       |       |       |       |       |       |       ||    24
       Spear             |    32 |    81 |       |       |       |       |       |       |       ||   113
       Dagger            |       |    25 |   140 |       |       |       |       |       |       ||   165
       Long sword        |       |       |    18 |   398 |   709 |  1110 |   876 |  1164 |  1985 ||  6260
       Punch             |       |       |     1 |     6 |     1 |       |       |       |       ||     8
       Rapier            |       |       |       |     9 |   229 |       |       |       |       ||   238
       Eudemon blade     |       |       |       |       |       |       |       |       |  3220 ||  3220
 Fire: Sling             |    33 |       |       |       |       |       |       |       |       ||    33
 Cast: Sandblast         |    32 |    63 |   122 |    24 |     4 |       |       |       |       ||   245
       Stone Arrow       |       |       |       |   131 |   397 |   525 |   318 |   161 |    57 ||  1589
       Swiftness         |       |       |       |     2 |     1 |     1 |     1 |     2 |     3 ||    10
       Wereblood         |       |       |       |     2 |    12 |     9 |     5 |    12 |     4 ||    44
       Passwall          |       |       |       |       |     5 |     5 |     2 |       |       ||    12
       Iron Shot         |       |       |       |       |       |    67 |    78 |   156 |   730 ||  1031
       Freezing Cloud    |       |       |       |       |       |    19 |   120 |    49 |    25 ||   213
       Ozocubu's Refrige |       |       |       |       |       |       |    88 |   231 |   415 ||   734
       Ozocubu's Armour  |       |       |       |       |       |       |     1 |       |     6 ||     7
       Polar Vortex      |       |       |       |       |       |       |       |       |   404 ||   404
       Lehudib's Crystal |       |       |       |       |       |       |       |       |   230 ||   230
       Blink             |       |       |       |       |       |       |       |       |     4 ||     4
Invok: Heal Self         |       |       |       |       |    16 |    18 |     5 |     4 |       ||    43
       Purification      |       |       |       |       |     1 |       |       |       |       ||     1
       Divine Vigour     |       |       |       |       |       |     1 |       |       |       ||     1
       Divine Shield     |       |       |       |       |       |       |       |       |    20 ||    20
       Brand Weapon With |       |       |       |       |       |       |       |       |     1 ||     1
       Summon Divine War |       |       |       |       |       |       |       |       |    18 ||    18
       Cleansing Flame   |       |       |       |       |       |       |       |       |    10 ||    10
Evoke: Phantom mirror    |       |       |       |     1 |     2 |     2 |     4 |       |    10 ||    19
       Wand              |       |       |       |     3 |     1 |    21 |    14 |     5 |    17 ||    61
       Lightning rod     |       |       |       |       |    11 |    13 |    12 |    17 |    16 ||    69
       Phial of floods   |       |       |       |       |       |       |       |       |     3 ||     3
  Use: Potion            |       |       |       |     1 |     1 |     7 |     6 |     3 |    93 ||   111
       Scroll            |       |       |       |     2 |    24 |    14 |     8 |     6 |    36 ||    90
 Stab: Sleeping          |     1 |     7 |     1 |       |     3 |     1 |     6 |    10 |       ||    29
       Petrified         |       |       |       |       |     3 |       |       |       |       ||     3
       Invisible         |       |       |       |       |     2 |       |       |       |       ||     2
       Distracted        |       |       |       |       |     1 |     1 |     1 |       |       ||     3
Armor: Robe              |    34 |    24 |    20 |       |       |       |       |       |       ||    78
       Leather armour    |       |       |   114 |    34 |       |       |       |       |       ||   148
       Ring mail         |       |       |       |   266 |       |       |       |       |       ||   266
       Animal skin       |       |       |       |    11 |   601 |   666 |   495 |   744 |  2330 ||  4847
Dodge: Dodged            |    66 |    78 |   161 |   335 |   551 |   586 |   514 |  1147 |  3794 ||  7232
       Repelled          |       |       |       |     1 |     5 |    36 |    34 |       |       ||    76
Block: Kite shield       |       |       |       |       |   794 |  1111 |   748 |   388 |       ||  3041
       Buckler           |       |       |       |       |       |       |       |   509 |  2918 ||  3427
       Reflection        |       |       |       |       |       |       |       |    30 |   218 ||   248

Table legend: (Time is in decaauts)
 A = Elapsed time spent in this place.
 B = Non-inter-level travel time spent in this place.
 C = Inter-level travel time spent in this place.
 D = Time resting spent in this place.
 E = Time spent auto-exploring this place.
 F = Levels seen in this place.
 G = Mean time per level.
                   A        B        C        D        E       F      G
               +--------+--------+--------+--------+--------+-----+--------+
         Total | 139099 | 128309 |  10790 |  44989 |  46376 | 106 | 1312.3 |
       Dungeon |  19387 |  16501 |   2886 |   2995 |   9876 |  15 | 1292.5 |
        Temple |    116 |     81 |     35 |      0 |     69 |   1 |  116.0 |
          Lair |   9098 |   8130 |    968 |   2092 |   3840 |   5 | 1819.6 |
        Shoals |   6313 |   6036 |    277 |   1641 |   2307 |   4 | 1578.2 |
     Snake Pit |   9001 |   8512 |    489 |   3626 |   2936 |   4 | 2250.2 |
    Slime Pits |   3959 |   3724 |    235 |   1657 |   1023 |   5 |  791.8 |
  Orcish Mines |   2189 |   1959 |    230 |    567 |    911 |   2 | 1094.5 |
   Elven Halls |   4725 |   4621 |    104 |   1800 |   1646 |   3 | 1575.0 |
        Vaults |  13954 |  12208 |   1746 |   4184 |   4906 |   5 | 2790.8 |
         Crypt |   4129 |   3643 |    486 |    449 |   2217 |   3 | 1376.3 |
          Tomb |   5398 |   4929 |    469 |   2202 |   1061 |   3 | 1799.3 |
        Depths |   8455 |   7456 |    999 |   3184 |   2700 |   4 | 2113.8 |
          Hell |   1317 |   1166 |    151 |    471 |    297 |   1 | 1317.0 |
           Dis |   4955 |   4720 |    235 |   3608 |     34 |   5 |  991.0 |
       Gehenna |   2843 |   2509 |    334 |    824 |    727 |   7 |  406.1 |
       Cocytus |   2500 |   2478 |     22 |    764 |    645 |   7 |  357.1 |
      Tartarus |   4847 |   4400 |    447 |   1190 |   1899 |   7 |  692.4 |
           Zot |   9842 |   9168 |    674 |   5058 |   2120 |   5 | 1968.4 |
         Abyss |   2771 |   2771 |      0 |    920 |      0 |   5 |  554.2 |
   Pandemonium |  18118 |  18118 |      0 |   6113 |   5639 |  11 | 1647.1 |
      Ice Cave |   2328 |   2328 |      0 |    983 |    719 |   1 | 2328.0 |
       Volcano |    693 |    693 |      0 |    197 |    300 |   1 |  693.0 |
        Wizlab |    796 |    796 |      0 |    195 |    213 |   1 |  796.0 |
    Desolation |   1353 |   1353 |      0 |    264 |    289 |   1 | 1353.0 |
               +--------+--------+--------+--------+--------+-----+--------+

Top non-repeatable levels by time:
   Dis:7: 3917 daAuts
Vaults:4: 3729 daAuts
  Tomb:1: 3369 daAuts
 Snake:2: 3347 daAuts
Vaults:2: 2964 daAuts
Vaults:3: 2606 daAuts
Depths:4: 2603 daAuts
   Zot:5: 2595 daAuts
   Geh:7: 2511 daAuts
Vaults:1: 2457 daAuts
   Zot:3: 2438 daAuts
   Zot:1: 2420 daAuts
 Snake:4: 2373 daAuts
  Lair:2: 2372 daAuts
   IceCv: 2328 daAuts
